Map: Magannatha LE

Players

LunaSea - Winner!

  • Race: Protoss Protoss
  • League: Grandmaster
  • Spawn Location: 11:00

岳冬

  • Race: Protoss Protoss
  • League: Master
  • Spawn Location: 5:00

VOD

Have the link to the VOD?

Description

Time

  • Played on: May 1, 2025, 4:06 a.m.
  • Length: 7:12
Show
View Real Time Build Order
Export as new Build Order

LunaSea Protoss - Winner!

Build Orders:  

Get SALT Encoding   

  12  0:00  Probe  
  13  0:12  Probe  
  14  0:17  Pylon  
  14  0:24  Probe  
  15  0:32  Probe  
  15  0:37  Gateway  
  15  0:40  Probe  
  16  0:46  Assimilator  
  17  0:51  Probe  
  17  0:54  Assimilator  
  18  0:59  Probe  
  19  1:07  Gateway  
  19  1:08  Probe  
  19  1:17  Probe  
  20  1:24  Cybernetics Core  
  21  1:29  Probe  
  22  1:34  Pylon  
  22  1:41  Probe  
  23  1:53  Probe  
  24  1:58  Stalker  
  24  2:01  Sentry  
  26  2:04  Warp Gate  
  26  2:05  Probe  
  29  2:11  Pylon  
  29  2:23  Pylon  
  29  2:40  Nexus  
  29  2:46  Sentry  
  29  2:48  Robotics Facility  
  31  2:53  Probe  
  32  3:00  Sentry  
  32  3:05  Probe, Pylon  
  35  3:17  Probe  
  36  3:24  Warp Prism  
  36  3:28  Sentry  
  36  3:29  Probe  
  41  3:41  Probe  
  42  3:54  Probe  
  43  3:55  Immortal  
  43  3:59  Stalker x2, Probe  
  48  4:06  Probe  
  53  4:11  Probe  
  53  4:15  Twilight Council  
  54  4:18  Probe  
  54  4:23  Probe  
  56  4:25  Pylon  
  56  4:30  Probe  
  56  4:31  Immortal  
  57  4:35  Probe  
  62  4:41  Resonating Glaives  
  62  5:04  Gateway  
  62  5:06  Gateway  
  62  5:09  Gateway  
  62  5:10  Immortal  
  66  5:15  Gateway  
  66  5:19  Gateway  
  66  5:20  Pylon  
  66  5:23  Pylon  
  66  5:28  Adept x2  
  70  5:42  Pylon  
  70  5:45  Pylon  
  70  5:47  Pylon  
  70  5:54  Adept x2  
  74  6:05  Adept x3  
  80  6:16  Adept x4  
  86  6:30  Adept x3  
  86  6:31  Immortal  
  92  6:40  Pylon x2  
  92  6:43  Adept x2  
  100  6:53  Adept x2  
  98  6:54  Zealot x3  
  104  7:04  Adept x2  
Show
View Real Time Build Order
Export as new Build Order

岳冬 Protoss 

Build Orders: Phoenix Opening, Blink Stalkers 

Get SALT Encoding   

  12  0:00  Probe  
  13  0:12  Probe  
  14  0:17  Pylon  
  14  0:24  Probe  
  15  0:32  Probe  
  15  0:38  Gateway  
  15  0:40  Probe  
  16  0:46  Assimilator  
  17  0:51  Probe  
  17  0:54  Assimilator  
  18  1:00  Probe  
  19  1:08  Probe  
  19  1:12  Gateway  
  19  1:17  Probe  
  20  1:24  Cybernetics Core  
  21  1:29  Probe  
  22  1:35  Pylon  
  22  1:41  Probe  
  23  1:53  Probe  
  24  1:59  Stalker  
  24  2:02  Warp Gate  
  28  2:10  Pylon  
  28  2:17  Sentry  
  28  2:20  Probe  
  28  2:22  Pylon  
  29  2:33  Probe  
  30  2:42  Probe  
  30  2:44  Nexus  
  30  2:45  Sentry  
  30  2:46  Sentry  
  30  2:48  Phoenix  
  30  2:50  Probe  
  35  2:53  Shield Battery  
  36  3:00  Probe  
  37  3:07  Twilight Council  
  37  3:10  Blink  
  37  3:12  Probe  
  38  3:16  Pylon  
  38  3:24  Probe  
  39  3:36  Probe  
  39  3:38  Phoenix  
  40  3:48  Probe  
  41  3:52  Stalker  
  41  3:53  Stalker  
  45  3:59  Gateway  
  45  4:00  Probe  
  45  4:02  Probe  
  47  4:12  Probe  
  47  4:14  Probe  
  47  4:17  Stalker  
  51  4:24  Probe  
  51  4:26  Stalker, Probe  
  55  4:36  Probe  
  56  4:38  Probe  
  56  4:40  Stalker  
  56  4:48  Probe  
  56  4:50  Probe  
  56  4:52  Stalker  
  54  5:00  Probe  
  54  5:01  Stalker  
  54  5:02  Probe  
  54  5:04  Stalker  
  54  5:06  Assimilator  
  60  5:13  Probe  
  61  5:19  Probe  
  62  5:31  Nexus  
  62  5:33  Pylon  
  62  5:35  Pylon  
  62  5:37  Pylon  
  62  5:46  Forge  
  62  5:51  Probe x2  
  62  5:56  Shield Battery  
  64  6:00  Gateway  
  64  6:03  Probe x2  
  66  6:06  Stalker x2  
  66  6:07  Stalker  
  66  6:33  Gateway  
  66  6:36  Gateway  
  66  6:39  Stalker  
  68  6:40  Stalker  
  68  6:54  Shield Battery  
  68  6:56  Shield Battery  
  68  6:57  Stalker  
Tags
 
Add a new tag
Caveats
  • Supply blocks, unpowered buildings, or Contaminate may cause inaccurate times.
  • Supply counts are checked every 10 seconds.